 Dungeon Crawl Stone Soup version 0.17-a0-1979-g1c74939 (webtiles) character file.

106 derrpe the Magician (level 4, 0/37 HPs)
             Began as a Draconian Skald on Oct 5, 2015.
             Was an Initiate of Okawaru.
             Succumbed to a worker ant's poison
             ... on level 4 of the Dungeon.
             The game lasted 00:07:18 (3330 turns).

derrpe the Magician (Draconian Skald)               Turns: 3330, Time: 00:07:18

Health: 0/37       AC:  5    Str: 19    XL:     4   Next: 55%
Magic:  8/8        EV: 12    Int: 14    God:    Okawaru [......]
Gold:   129        SH:  0    Dex: 10    Spells: 3 memorised, 3 levels left

rFire  . . .     SeeInvis .     a - +2 short sword (elec)
rCold  . . .     Clarity  .     (armour unavailable)
rNeg   . . .     SustAt   .     (no shield)
rPois  .         Gourm    .     (helmet restricted)
rElec  .         Spirit   .     (no cloak)
rCorr  .         Warding  .     (no gloves)
rMut   .         Stasis   .     (no boots)
MR     .....                    (no amulet)
Stlth  +.........               (no ring)
                                u - ring of flight

@: mighty, lethally poisoned (0 -> -5), very slightly contaminated, not
resistant to hostile enchantments, very unstealthy
A: unfitting armour, cold-blooded, AC +5
a: Renounce Religion, Evoke Flight


You were on level 4 of the Dungeon.
You worshipped Okawaru.
Okawaru was noncommittal.
You were hungry.

You visited 2 branches of the dungeon, and saw 5 of its levels.

You collected 129 gold pieces.

Inventory:

Hand Weapons
 a - a +2 short sword of electrocution (weapon)
 b - a +0 hunting sling of flaming
 n - a +0 falchion
Missiles
 d - 71 stones (quivered)
 h - 21 poisoned needles
 k - 25 arrows
 q - 7 tomahawks
 y - 17 sling bullets
Jewellery
 u - a ring of flight (left hand)
Scrolls
 e - a scroll of amnesia
 f - a scroll of enchant armour
 g - 3 scrolls of blinking
 j - a scroll of remove curse {unknown}
 s - 2 scrolls of identify {unknown}
 v - a scroll of teleportation {unknown}
 w - a scroll of immolation {unknown}
 z - a scroll of noise {unknown}
Potions
 i - a potion of might
 m - a potion of resistance {unknown}
 o - 2 potions of brilliance {unknown}
 x - a potion of cure mutation {unknown}
Books
 l - a book of Battle

   Spells                             Type                      Level
   a - Infusion                       Charms                       1
   b - Shroud of Golubria             Charms/Translocation         2
   c - Song of Slaying                Charms                       2
   d - Spectral Weapon                Hexes/Charms                 3
   e - Regeneration                   Charms/Necromancy            3
Comestibles
 c - 3 bread rations {@e1}
 r - a slice of pizza
 t - a meat ration {@e2}


   Skills:
 + Level 2.5 Fighting
 * Level 3.1 Long Blades
 + Level 1.9 Dodging
 - Level 3.1 Spellcasting
 + Level 3.0 Charms


You had 3 spell levels left.
You knew the following spells:

 Your Spells              Type           Power        Failure   Level  Hunger
a - Infusion              Chrm           ##....       10%         1    #......
b - Regeneration          Chrm/Necr      #.........   38%         3    ###....
c - Shroud of Golubria    Chrm/Tloc      #.........   21%         2    ##.....


Dungeon Overview and Level Annotations

Branches:
Dungeon (4/15)             Temple (1/1) D:4

Altars:
Gozag
Nemelex Xobeh
Okawaru
Qazlal
Sif Muna
Trog
Vehumet
Xom
Zin

Annotations:
D:3 Bnni's ghost, amateur DsGl
D:4 Pikel


Innate Abilities, Weirdness & Mutations

Your plain brown scales are hard (AC +5).
Your body does not fit into most forms of armour.
You are cold-blooded and may be slowed by cold attacks.


Message History

You feel yourself speed up.
A jackal and 2 slaves come into view.
A worker ant comes into view.
The slave shouts!
The worker ant twitches its antennae in your direction.
Found an escape hatch in the floor.
Pikel closely misses you. The worker ant bites you.
The worker ant bites you but does no damage.
Unknown command.
The worker ant bites you!
* * * LOW HITPOINT WARNING * * *
The worker ant bites you.
* * * LOW HITPOINT WARNING * * *
You are lethally poisoned!
The worker ant poisons you!
Drink which item? (? for menu, Esc to quit)
It was a potion of might.
You feel very mighty all of a sudden.
You die...

###.##..#.p......###..##
........p...##pp######..##
..###..p....##..pK...#...#
#.#...#.#..#####.##.##
...#...#.#.######p##.#
....h....#. #.K.K...##
#..#.##.#. #.###.#.# #..
.....> #a# #...# .. #@#
###.### #.# #...#
#.######### #.......#
#######.# #.# #.# #.# #.#


You could see Pikel and a worker ant.

Vanquished Creatures
  A centaur skeleton (D:4)
  Jessica (D:3)
  An ooze (D:3)
  2 worms
  2 giant geckos
  3 orcs (D:3)
  7 bats
  A giant cockroach (D:3)
  6 hobgoblins
  3 jackals (D:4)
  A kobold (D:2)
  A ball python (D:2)
  3 giant newts
  A goblin (D:2)
  6 rats
39 creatures vanquished.

Notes
Turn   | Place    | Note
--------------------------------------------------------------
     0 | D:1      | derrpe the Draconian Skald began the quest for the Orb.
     0 | D:1      | Reached XP level 1. HP: 17/17 MP: 3/3
   925 | D:2      | Reached XP level 2. HP: 19/25 MP: 5/5
  1309 | D:2      | Learned a level 2 spell: Song of Slaying
  1312 | D:2      | Learned a level 2 spell: Shroud of Golubria
  2008 | D:3      | Reached XP level 3. HP: 30/30 MP: 6/6
  2139 | D:3      | Found a stormy altar of Qazlal.
  2139 | D:3      | Noticed Bnni's ghost (amateur DsGl)
  2372 | D:3      | Learned a level 3 spell: Regeneration
  2772 | D:3      | Noticed Jessica
  2787 | D:3      | Killed Jessica
  2787 | D:3      | Reached skill level 3 in Spellcasting
  2787 | D:3      | Reached XP level 4. HP: 27/37 MP: 6/8
  2798 | D:3      | Found a deep blue altar of Sif Muna.
  3007 | D:4      | Found a staircase to the Ecumenical Temple.
  3021 | D:4      | Noticed Pikel
  3029 | Temple   | Entered the Ecumenical Temple
  3291 | Temple   | Became a worshipper of Warmaster Okawaru
  3314 | D:4      | Noticed a slave
  3315 | D:4      | Noticed a slave
  3316 | D:4      | Noticed a slave
  3316 | D:4      | Noticed a slave
  3329 | D:4      | HP: 1/37 [worker ant (6)]
  3330 | D:4      | Succumbed to a worker ant's poison

Vault maps used:
D:1:      dpeg_arrival_rhombi
D:2:      serial_bayou_lagoon_a
D:3:      grunt_qazlal_clouds, tgw_sif
D:4:      first_bread, trog_hazing_becter, uniq_pikel
Temple:   temple_island_7

Action                   |  1- 3 |  4- 6 || total
-------------------------+-------+-------++-------
Melee: Falchion          |    19 |       ||    19
       Short sword       |    34 |    27 ||    61
 Fire: Hunting sling     |    44 |     4 ||    48
 Cast: Shroud of Golubri |     1 |       ||     1
  Use: Scroll            |     3 |       ||     3
       Potion            |       |     1 ||     1
  Eat: Chunk             |     6 |     1 ||     7
